 Dungeon Crawl Stone Soup version 0.22.0-16-gc6d26f6 (webtiles) character file.

8256 shmeve the Cleaver (level 11, -9/101 HPs)
             Began as a Minotaur Berserker on Aug 17, 2018.
             Was a High Priest of Trog.
             Mangled by a soul eater (15 damage)
             ... summoned by an obsidian statue
             ... on level 11 of the Dungeon.
             The game lasted 00:21:30 (9422 turns).

shmeve the Cleaver (Minotaur Berserker)             Turns: 9422, Time: 00:21:30

Health: -9/101     AC: 14    Str: 27    XL:     11   Next: 7%
Magic:  10/10      EV: 10    Int:  4    God:    Trog [*****.]
Gold:   700        SH:  0    Dex: 11    Spells: 10/10 levels left

rFire    . . .     SeeInvis +   v - +2 hand axe (chop)
rCold    . . .     Gourm    .   (no shield)
rNeg     . . .     Faith    .   o - +0 plate armour
rPois    .         Spirit   .   (helmet restricted)
rElec    .         Reflect  .   (no cloak)
rCorr    .         Harm     .   y - +0 pair of gloves
MR       ++...                  (no boots)
Stlth    ..........             (no amulet)
HPRegen  1.26/turn              J - ring of see invisible
MPRegen  0.12/turn              K - +3 ring of strength

@: liquid flames, berserk cooldown, regenerating, slowed, glowing, drained, very
slow
A: retaliatory headbutt, horns 2
a: Berserk, Trog's Hand, Brothers in Arms, Renounce Religion


You were on level 11 of the Dungeon.
You worshipped Trog.
Trog was extremely pleased with you.
You were very hungry.

You visited 2 branches of the dungeon, and saw 12 of its levels.
You also visited: Ossuary.

You collected 700 gold pieces.

Inventory:

Hand Weapons
 j - a +1 hand axe of flaming
 v - a +2 hand axe of chopping (weapon)
Missiles
 p - 4 javelins
 u - 16 javelins of returning (quivered)
 L - a throwing net
Armour
 o - a +0 plate armour (worn)
 y - a +0 pair of gloves (worn)
Jewellery
 b - an uncursed ring of resist corrosion
 J - a ring of see invisible (left hand)
 K - a +3 ring of strength (right hand)
Wands
 E - a wand of enslavement (14)
Scrolls
 a - 6 scrolls of enchant armour {unknown}
 e - 12 scrolls of identify {unknown}
 f - 3 scrolls of fog {unknown}
 g - a scroll of fear {unknown}
 h - 6 scrolls of teleportation {unknown}
 k - 3 scrolls of magic mapping {unknown}
 l - 4 scrolls of immolation {unknown}
 n - a scroll of blinking {unknown}
 q - 4 scrolls of noise {unknown}
 t - 7 scrolls of remove curse {unknown}
 x - 3 scrolls of amnesia {unknown}
 D - 2 scrolls of enchant weapon {unknown}
 G - a scroll of random uselessness {unknown}
Potions
 d - 3 potions of ambrosia {unknown}
 i - 5 potions of curing {unknown}
 m - a potion of cancellation {unknown}
 r - 2 potions of might {unknown}
 s - 3 potions of agility
 w - a potion of haste {unknown}
 z - 4 potions of flight {unknown}
 A - 3 potions of magic {unknown}
 B - a potion of brilliance {unknown}
 C - 2 potions of invisibility {unknown}
 F - a potion of heal wounds {unknown}
 H - a potion of berserk rage {unknown}
 I - a potion of mutation {unknown}
Comestibles
 c - 18 rations
 M - 5 chunks of flesh


   Skills:
 * Level 10.9(9.7) Fighting
 * Level 10.9(9.7) Axes
 * Level 8.6(7.5) Throwing
 + Level 7.6(6.5) Armour
 + Level 6.8(5.7) Dodging


You had 10 spell levels left.
You didn't know any spells.
Your spell library was empty.

Dungeon Overview and Level Annotations

Branches:
Dungeon (11/15)            Temple (1/1) D:4            Lair (0/6) D:10
    Orc: D:9-12

Altars:
Dithmenos
Fedhas
Gozag
Okawaru
Qazlal
Uskayaw
Xom
Yredelemnul

Annotations:
D:11 exclusion: obsidian statue


Innate Abilities, Weirdness & Mutations

You reflexively headbutt those who attack you in melee.
You have a pair of horns on your head.


Message History

The crimson imp hits you but does no damage.
The soul eater hits you!
You feel drained. The smoke demon hits you. x2
* * * LOW HITPOINT WARNING * * *
The smoke demon hits you but does no damage.
You hit the soul eater but do no damage.
Your headbutt misses the soul eater. You hit the smoke demon.
You hit the hellwing but do no damage. You hit the crimson imp.
The hellwing hits you.
* * * LOW HITPOINT WARNING * * *
The hellwing closely misses you.
The crimson imp hits you but does no damage.
The soul eater draws from the surrounding life force!
* * * LOW HITPOINT WARNING * * *
The smoke demon gestures at you. The sticky flame hits you!
You are covered in liquid flames!
* * * LOW HITPOINT WARNING * * *
The hellwing hits you but does no damage. x2
The soul eater hits you!
You die...

#..# #..... #. #.?#
#..... #. ##### #..#
#..... #..##...###..#
#..... ###..#.([:.##..#
#.....
....$.%888(....####.....
......=888).............
#..3888!.############
#...@35.## ##.4.5.##
##..5## #####


You could see an obsidian statue, a soul eater, a hellwing, a smoke demon, 2
crimson imps and an ufetubus.

Vanquished Creatures
  Pikel (D:8)
  A deep elf mage (D:10)
  A manticore (D:8)
  A troll (D:11)
  A merfolk (D:10)
  Sigmund (D:5)
  A spriggan (D:10)
  7 yaks
  Grum (D:8)
  A steam dragon (D:9)
  2 ice beasts
  4 orc warriors
  A black bear (D:5)
  3 sky beasts
  A slave (D:8)
  A necrophage (D:10)
  3 phantoms
  5 ogres
  4 wolves (D:8)
  3 centaurs
  A crocodile (D:10)
  8 bullfrogs
  A gnoll sergeant (D:8)
  2 wyvern zombies (Ossuary)
  A water moccasin zombie (D:9)
  A wyvern skeleton (D:7)
  A scorpion (D:4)
  A howler monkey (D:4)
  3 centaur zombies (Ossuary)
  4 bullfrog zombies
  5 crimson imps
  2 hounds
  A jelly (D:10)
  A bullfrog skeleton (D:5)
  7 orc wizards
  4 orc priests
  Ijyb (D:3)
  3 iguanas
  7 worker ants
  2 killer bee zombies (Ossuary)
  2 hound zombies (Ossuary)
  2 hound skeletons
  19 mummies (Ossuary)
  2 howler monkey zombies (Ossuary)
  4 worker ant zombies
  A howler monkey skeleton (D:10)
  4 gnolls (D:8)
  12 adders
  2 shadow imps
  3 adder skeletons
  2 adder zombies
  A worm (D:5)
  A dart slug (D:1)
  10 leopard geckos
  30 orcs
  4 giant cockroaches
  9 goblins
  8 hobgoblins
  7 jackals
  5 kobolds
  8 quokkas
  2 ball pythons (D:3)
  7 bats
  13 frilled lizards
  A giant cockroach zombie (Ossuary)
  A jackal zombie (D:8)
  2 leopard gecko skeletons
  A quokka skeleton (D:8)
  6 rats
  A fungus (D:6)
269 creatures vanquished.

Vanquished Creatures (others)
  A slave (D:8)
  An orc (D:8)
2 creatures vanquished.

Grand Total: 271 creatures vanquished

Notes
Turn   | Place    | Note
-------+----------+-------------------------------------------
     0 | D:1      | shmeve the Minotaur Berserker began the quest for the Orb.
     0 | D:1      | Reached XP level 1. HP: 19/19 MP: 0/0
   503 | D:1      | Reached XP level 2. HP: 27/27 MP: 1/1
   791 | D:1      | Reached skill level 1 in Throwing
  1076 | D:2      | Reached XP level 3. HP: 29/33 MP: 2/2
  1193 | D:2      | Reached ** piety under Trog
  1760 | D:3      | Reached XP level 4. HP: 38/41 MP: 3/3
  1818 | D:3      | Noticed Ijyb
  1829 | D:3      | Killed Ijyb
  1860 | D:3      | Noticed a phantom
  1890 | D:3      | Killed a phantom
  1890 | D:3      | Reached XP level 5. HP: 41/47 MP: 4/4
  1950 | D:3      | Reached skill level 5 in Fighting
  2045 | D:3      | Reached *** piety under Trog
  2197 | D:3      | Reached skill level 5 in Axes
  2199 | D:3      | Found a basalt altar of Yredelemnul.
  2326 | D:4      | Noticed an ogre
  2333 | D:4      | Killed an ogre
  2333 | D:4      | Reached XP level 6. HP: 56/56 MP: 5/5
  2482 | D:4      | Found an opulent altar of Gozag.
  2827 | D:4      | Found a staircase to the Ecumenical Temple.
  2838 | Temple   | Entered the Ecumenical Temple
  2885 | D:4      | Reached XP level 7. HP: 62/62 MP: 6/6
  3152 | D:5      | Entered Level 5 of the Dungeon
  3370 | D:5      | Reached **** piety under Trog
  3475 | D:5      | Found a stormy altar of Qazlal.
  3476 | D:5      | Noticed Sigmund
  3504 | D:5      | Killed Sigmund
  3723 | D:5      | Found a hide-covered altar of Uskayaw.
  3729 | D:5      | Reached XP level 8. HP: 53/71 MP: 7/7
  3783 | D:5      | Found a shadowy altar of Dithmenos.
  4033 | D:5      | Found an iron altar of Okawaru.
  4494 | D:6      | Reached skill level 5 in Throwing
  4525 | D:6      | Reached skill level 5 in Armour
  4853 | D:7      | Found a sand-covered staircase.
  4858 | D:7      | Found a shimmering altar of Xom.
  4859 | D:7      | Found a shimmering altar of Xom.
  4859 | D:7      | Found a shimmering altar of Xom.
  4862 | D:7      | Found a shimmering altar of Xom.
  4881 | Ossuary  | Entered an ossuary
  4926 | Ossuary  | HP: 1/111 [mummy (13)]
  5008 | Ossuary  | Received a gift from Trog
  5049 | Ossuary  | Reached XP level 9. HP: 40/81 MP: 8/8
  5295 | D:7      | Found a shimmering altar of Xom.
  5296 | D:7      | Found a shimmering altar of Xom.
  5333 | D:7      | Reached skill level 5 in Dodging
  5506 | D:7      | Reached ***** piety under Trog
  5728 | D:7      | Found a blossoming altar of Fedhas.
  5967 | D:8      | Received a gift from Trog
  5971 | D:8      | Noticed Grum
  5988 | D:8      | Killed Grum
  6198 | D:8      | Noticed Pikel
  6208 | D:8      | Killed Pikel
  6212 | D:8      | Reached XP level 10. HP: 91/91 MP: 9/9
  6602 | D:8      | Noticed a manticore
  6610 | D:8      | Killed a manticore
  7774 | D:10     | Entered Level 10 of the Dungeon
  7777 | D:10     | Reached skill level 10 in Axes
  7780 | D:10     | Reached skill level 10 in Fighting
  7827 | D:10     | Noticed a deep elf mage
  7846 | D:10     | Killed a deep elf mage
  8381 | D:10     | Found a staircase to the Lair.
  9222 | D:11     | Reached XP level 11. HP: 97/101 MP: 10/10
  9329 | D:11     | Received a gift from Trog
  9398 | D:11     | Noticed an obsidian statue
  9400 | D:11     | Noticed a sixfirhy
  9400 | D:11     | Noticed a soul eater
  9422 | D:11     | Mangled by a soul eater

Skill      XL: |  1  2  3  4  5  6  7  8  9 10 |
---------------+-------------------------------+-----
Axes           | 4 5 6 7 9 10 | 10.9
Throwing       | 1 2 3 4 5 7 8 |  8.6
Fighting       | 4 5 6 8 9 10 | 10.9
Armour         | 3 4 5 6 7 |  7.6
Dodging        | 3 4 5 6 |  6.8

Action                   |  1- 3 |  4- 6 |  7- 9 | 10-12 || total
-------------------------+-------+-------+-------+-------++-------
Melee: Hand axe          |    91 |   104 |   272 |   212 ||   679
       Headbutt          |    14 |    12 |    61 |    44 ||   131
Throw: Stone             |    18 |    10 |       |       ||    28
       Tomahawk          |       |    19 |     6 |       ||    25
       Javelin           |       |       |    64 |    35 ||    99
Invok: Berserk           |       |     1 |     2 |     4 ||     7
       Trog's Hand       |       |       |     1 |     1 ||     2
  Eat: Chunk             |     3 |     4 |     9 |    14 ||    30
       Ration            |       |       |     1 |       ||     1
Armor: Animal skin       |     3 |       |       |       ||     3
       Chain mail        |    62 |       |       |       ||    62
       Plate armour      |    18 |    93 |   139 |   111 ||   361
Dodge: Dodged            |    46 |    60 |   110 |    86 ||   302
